 Seeded DCSS version 0.28-a0-1159-g27aa881441 (webtiles) character file.

Game seed: 3047507878316767220 (custom seed)

458 croobank the Skirmisher (level 7, 0/88 HPs)
             Began as a Gnoll Abyssal Knight on Dec 15, 2021.
             Was a Priest of Lugonu.
             Succumbed to a scorpion's poison
             ... on level 4 of the Dungeon.
             The game lasted 00:29:47 (3964 turns).

croobank the Skirmisher (Gnoll Abyssal Knight)      Turns: 3964, Time: 00:29:47

Health: 0/88       AC:  8    Str: 14    XL:     7   Next: 6%
Magic:  7/10       EV: 13    Int: 10    God:    Lugonu [***...]
Gold:   127        SH:  0    Dex: 12    Spells: 7/10 levels left

rFire   . . .      SeeInvis .   a - +1 hand axe
rCold   + . .      Faith    .   (no shield)
rNeg    . . .      Spirit   .   f - +1 steam dragon scales
rPois   .          Reflect  .   c - +0 helmet
rElec   .          Harm     .   (no cloak)
rCorr   .          Rampage  .   (no gloves)
Will    .....                   (no boots)
Stlth   ..........              (no amulet)
HPRegen 0.24/turn               k - ring of protection from cold
MPRegen 0.12/turn               (no ring)

@: berserking, lethally poisoned (0 -> -4), wereblooded, very quick
A: fangs 1, strong nose, distributed training
a: Renounce Religion, Depart the Abyss, Bend Space, Banish


You were on level 4 of the Dungeon.
You worshipped Lugonu.
Lugonu was most pleased with you.
You visited 1 branch of the dungeon, and saw 4 of its levels.
You visited the Abyss 1 time.

You collected 127 gold pieces.

Inventory:

Hand Weapons
 a - a +1 hand axe (weapon)
 b - a +0 hunting sling
 s - a +2 whip of pain
 u - a +0 fustibalus
Missiles
 e - 48 stones
 j - 4 boomerangs (quivered)
 n - 50 sling bullets
 r - 26 poisoned darts
Armour
 c - a +0 helmet (worn)
 f - +1 steam dragon scales (worn)
 m - the +0 helmet "Ufupn" {rPois rC- rCorr Str-2}
   (You took it off Robin on level 2 of the Dungeon)

   Str:       It affects your strength (-2).
   rC:        It makes you vulnerable to cold.
   rPois:     It protects you from poison.
   rCorr:     It protects you from acid and corrosion.
Jewellery
 k - a ring of protection from cold (left hand)
Scrolls
 d - a scroll of vulnerability {vulnerability, unknown}
 g - a scroll of blinking {blink}
 i - a scroll of brand weapon {brand weapon, unknown}
 l - a scroll of acquirement {acquisition, unknown}
 p - a scroll of immolation
 q - 4 scrolls of identify {identify, unknown}
 t - a scroll of magic mapping {magic mapping, unknown}
 w - 3 scrolls of enchant weapon {enchant weapon, unknown}
Potions
 h - a potion of degeneration {degeneration, unknown}


   Skills:
 + Level 6.9 Fighting
 + Level 2.2 Short Blades
 + Level 2.2 Long Blades
 + Level 5.1 Axes
 + Level 2.2 Maces & Flails
 + Level 2.2 Polearms
 + Level 2.2 Staves
 + Level 2.2 Slings
 + Level 2.2 Bows
 + Level 2.2 Crossbows
 + Level 2.2 Throwing
 + Level 5.1 Armour
 + Level 3.4 Dodging
 + Level 2.2 Stealth
 + Level 2.2 Shields
 + Level 2.2 Unarmed Combat
 + Level 2.2 Spellcasting
 + Level 1.8 Conjurations
 + Level 1.8 Hexes
 + Level 1.8 Summonings
 + Level 1.8 Necromancy
 + Level 1.8 Translocations
 + Level 1.8 Transmutations
 + Level 1.8 Fire Magic
 + Level 1.8 Ice Magic
 + Level 1.8 Air Magic
 + Level 1.8 Earth Magic
 + Level 1.8 Poison Magic
 + Level 5.2 Invocations
 + Level 2.2 Evocations


You had 7 spell levels left.
You knew the following spells:

 Your Spells              Type           Power      Damage    Failure   Level
a - Beastly Appendage     Tmut           8%         N/A       14%         1
b - Wereblood             Tmut           4%         N/A       22%         2

Your spell library contained the following spells:

 Spells                   Type           Power      Damage    Failure   Level
 Spider Form              Tmut/Pois      4%         N/A       41%         3
 Petrify                  Tmut/Erth      4%         N/A       82%         4
 Metabolic Englaciation   Hex/Ice        2%         N/A       99%         5
 Statue Form              Tmut/Erth      2%         N/A       100%        6


Dungeon Overview and Level Annotations

Branches:
Dungeon (4/15)
 Temple: D:4-7

Altars:

Shops:
D:1 :   D:2 =


Innate Abilities, Weirdness & Mutations

You have very sharp teeth.
Your uncanny sense of smell can sniff out nearby items.
Your experience applies equally to all skills.


Message History

The ogre is heavily wounded.
You hit the scorpion but do no damage.
You feel very sick. The scorpion closely misses you.
You hit the ogre. Your kick misses the ogre.
The ogre is heavily wounded.
You hit the scorpion but do no damage.
You feel very sick. The scorpion closely misses you.
The ogre barely misses you.
You hit the ogre. You headbutt the ogre.
The ogre is almost dead.
You closely miss the scorpion.
You feel sick. The scorpion barely misses you.
The ogre hits you with a +0 giant club!
* * * LOW HITPOINT WARNING * * *
The scorpion barely misses you.
Okay, then.
Blink to where?
Press: ? - help, Dir - move target
As you read the scroll of blinking {blink}, it crumbles to dust.
* * * LOW HITPOINT WARNING * * *
You feel sick.
Okay, then.
Okay, then.
Okay, then.
Okay, then.
It was a potion of berserk rage {berzerk rage}.
A red film seems to cover your vision as you go berserk!
You feel yourself moving faster!
You feel mighty!
Your horns disappear.
Your talons disappear.
Your +0 helmet unmelds from your body.
* * * LOW HITPOINT WARNING * * *
You feel sick.
You hit the ogre.
You feel a bit better.
You kill the ogre!
Lugonu accepts your kill.
* * * LOW HITPOINT WARNING * * *
You feel sick.
You have reached level 7!
You closely miss the scorpion.
You die...

#.#.# #####.#.#
#.....#.# #
#.....#.# .#
#.....#.###.###
#<..<...#......
#......(.......
######s........
#@(.(.....
#.>........
#...(.......
#.#.........
#.#####..... #.
..... # .....
....


You could see a scorpion.

Vanquished Creatures
  An ogre (D:4)
  A scorpion (D:4)
  An iguana (D:3)
  3 orc wizards
  A hound skeleton (D:4)
  Robin (D:2)
  3 gnolls (D:3)
  5 adders
  A white imp (D:3)
  3 dart slugs
  10 orcs
  6 endoplasms
  3 giant cockroaches
  10 goblins
  15 hobgoblins
  A jackal (D:3)
  5 kobolds
  4 quokkas (D:1)
  8 ball pythons
  9 bats
  5 frilled lizards
  5 rats
101 creatures vanquished.

Notes
Turn   | Place    | Note
-------+----------+-------------------------------------------
     0 | Abyss:1  | croobank the Gnoll Abyssal Knight began the quest for the
                  | Orb.
     0 | Abyss:1  | Reached XP level 1. HP: 23/23 MP: 3/3
    70 | Abyss:1  | Noticed a small abomination
    72 | D:1      | Escaped the Abyss
   395 | D:1      | Reached XP level 2. HP: 22/29 MP: 5/5
   508 | D:1      | Reached * piety under Lugonu
   748 | D:1      | Learned a level 1 spell: Beastly Appendage
   894 | D:1      | Reached XP level 3. HP: 34/35 MP: 6/6
   932 | D:1      | Learned a level 2 spell: Wereblood
  1090 | D:1      | Found Qehuiv's Book Shoppe.
  1225 | D:2      | Identified the +0 helmet "Ufupn" {rPois rC- rCorr Str-2}
  1225 | D:2      | Noticed Robin
  1249 | D:2      | Killed Robin
  1250 | D:2      | Reached skill level 1 in Short Blades
  1250 | D:2      | Reached skill level 1 in Long Blades
  1250 | D:2      | Reached skill level 1 in Maces & Flails
  1250 | D:2      | Reached skill level 1 in Polearms
  1250 | D:2      | Reached skill level 1 in Staves
  1250 | D:2      | Reached skill level 1 in Slings
  1250 | D:2      | Reached skill level 1 in Bows
  1250 | D:2      | Reached skill level 1 in Crossbows
  1250 | D:2      | Reached skill level 1 in Throwing
  1250 | D:2      | Reached skill level 1 in Stealth
  1250 | D:2      | Reached skill level 1 in Shields
  1250 | D:2      | Reached skill level 1 in Unarmed Combat
  1250 | D:2      | Reached skill level 1 in Spellcasting
  1250 | D:2      | Reached skill level 1 in Evocations
  1322 | D:2      | Reached XP level 4. HP: 36/41 MP: 7/7
  1390 | D:2      | Found a faded altar of an unknown god.
  1515 | D:2      | Reached ** piety under Lugonu
  1715 | D:2      | Found Ringib's Jewellery Shop.
  1978 | D:2      | Reached skill level 1 in Conjurations
  1978 | D:2      | Reached skill level 1 in Hexes
  1978 | D:2      | Reached skill level 1 in Summonings
  1978 | D:2      | Reached skill level 1 in Necromancy
  1978 | D:2      | Reached skill level 1 in Translocations
  1978 | D:2      | Reached skill level 1 in Transmutations
  1978 | D:2      | Reached skill level 1 in Fire Magic
  1978 | D:2      | Reached skill level 1 in Ice Magic
  1978 | D:2      | Reached skill level 1 in Air Magic
  1978 | D:2      | Reached skill level 1 in Earth Magic
  1978 | D:2      | Reached skill level 1 in Poison Magic
  1988 | D:2      | Reached XP level 5. HP: 24/47 MP: 8/8
  2736 | D:3      | Reached skill level 5 in Invocations
  2767 | D:3      | Reached XP level 6. HP: 49/53 MP: 7/9
  3299 | D:3      | Reached *** piety under Lugonu
  3300 | D:3      | Reached skill level 5 in Axes
  3300 | D:3      | Reached skill level 5 in Armour
  3961 | D:4      | HP: 1/53 [poisoned by a scorpion]
  3964 | D:4      | Reached XP level 7. HP: 1/59 MP: 7/10
  3964 | D:4      | Succumbed to a scorpion's poison

Illustrated notes

Levels and vault maps discovered:
D:1:      dpeg_arrival_rooms_with_view, layout_basic, serial_shops, shop
D:2:      layout_basic, serial_shops, shop, hellmonk_ecumenical_altar_blasted,
          amcnicky_mini_rare_corridor_liquid, solitary_fountain,
          minmay_misc_feat_four_crosses, uniq_robin
D:3:      minmay_razor_zed, layout_loops_cross
D:4:      layout_rooms, serial_shops, kennysheep_little_box

Skill      XL: |  1  2  3  4  5  6 |
---------------+-------------------+-----
Short Blades   | 1 2 |  2.2
Long Blades    | 1 2 |  2.2
Maces & Flails | 1 2 |  2.2
Polearms       | 1 2 |  2.2
Staves         | 1 2 |  2.2
Slings         | 1 2 |  2.2
Bows           | 1 2 |  2.2
Crossbows      | 1 2 |  2.2
Throwing       | 1 2 |  2.2
Stealth        | 1 2 |  2.2
Shields        | 1 2 |  2.2
Unarmed Combat | 1 2 |  2.2
Spellcasting   | 1 2 |  2.2
Evocations     | 1 2 |  2.2
Conjurations   | 1 |  1.8
Hexes          | 1 |  1.8
Summonings     | 1 |  1.8
Necromancy     | 1 |  1.8
Translocations | 1 |  1.8
Transmutations | 1 |  1.8
Fire Magic     | 1 |  1.8
Ice Magic      | 1 |  1.8
Air Magic      | 1 |  1.8
Earth Magic    | 1 |  1.8
Poison Magic   | 1 |  1.8
Dodging        | 3 |  3.4
Invocations    | 5 |  5.2
Axes           | 5 |  5.1
Armour         | 5 |  5.1
Fighting       | |  6.9

Action                   |  1- 3 |  4- 6 |  7- 9 || total
-------------------------+-------+-------+-------++-------
Melee: Hand axe          |   122 |   186 |     1 ||   309
       Bite              |    11 |    19 |       ||    30
       Headbutt          |     1 |     1 |       ||     2
       Kick              |       |     7 |       ||     7
       Punch             |       |     2 |       ||     2
 Fire: Hunting sling     |       |    12 |       ||    12
 Cast: Beastly Appendage |     1 |     3 |       ||     4
       Wereblood         |       |     2 |       ||     2
Invok: Depart the Abyss  |     1 |       |       ||     1
  Use: Potion            |       |     4 |       ||     4
       Scroll            |       |     3 |       ||     3
 Stab: Sleeping          |       |     4 |       ||     4
Armor: Leather armour    |     7 |       |       ||     7
       Ring mail         |    14 |       |       ||    14
       Steam dragon scal |    25 |    62 |       ||    87
Dodge: Dodged            |    80 |   133 |       ||   213

Table legend: (Time is in decaauts)
 A = Elapsed time spent in this place.
 B = Non-inter-level travel time spent in this place.
 C = Inter-level travel time spent in this place.
 D = Time resting spent in this place.
 E = Time spent auto-exploring this place.
 F = Levels seen in this place.
 G = Mean time per level.
                   A        B        C        D        E       F      G
               +--------+--------+--------+--------+--------+-----+--------+
         Total |   3980 |   3947 |     33 |   1232 |   1688 |   5 |  796.0 |
       Dungeon |   3908 |   3875 |     33 |   1232 |   1668 |   4 |  977.0 |
         Abyss |     72 |     72 |      0 |      0 |     20 |   1 |   72.0 |
               +--------+--------+--------+--------+--------+-----+--------+

Top non-repeatable levels by time:
     D:3: 1523 daAuts
     D:1: 1131 daAuts
     D:2: 945 daAuts
     D:4: 309 daAuts
 Abyss:1: 72 daAuts
